Map: Terraform LE (Void)

Players

wabbajack

  • Race: Terran Terran
  • League: Grandmaster

MinOw - Winner!

  • Race: Zerg Zerg
  • League: Grandmaster

VOD

Have the link to the VOD?

Description

Time

  • Played on: July 14, 2015, 10:44 a.m.
  • Length: 5:41
Show
View Real Time Build Order
Export as new Build Order

wabbajack Terran 

Build Orders:  

Get SALT Encoding   

  12  0:01  SCV  
  13  0:13  SCV  
  14  0:27  Supply Depot  
  14  0:29  SCV  
  15  0:36  Refinery  
  15  0:49  SCV  
  16  0:54  Barracks  
  16  1:01  SCV  
  17  1:07  Barracks  
  17  1:13  SCV  
  18  1:22  Supply Depot  
  18  1:25  SCV  
  19  1:46  Orbital Command  
  19  1:51  Factory  
  20  2:06  Marine  
  20  2:07  Barracks Reactor  
  21  2:15  SCV  
  21  2:22  Refinery  
  21  2:27  SCV  
  22  2:37  Barracks Tech Lab  
  22  2:40  SCV  
  23  2:44  Supply Depot  
  23  2:53  SCV  
  23  2:54  Hellion x2  
  28  2:59  Armory  
  28  3:05  SCV  
  29  3:08  Marauder  
  29  3:09  Barracks Reactor  
  31  3:16  Hellion x2  
  31  3:17  SCV  
  36  3:23  Supply Depot  
  36  3:29  SCV  
  36  3:33  Marauder  
  39  3:44  Widow Mine  
  39  3:45  Hellion, Starport  
  43  3:48  Marine  
  43  3:49  Marine  
  45  3:59  Supply Depot  
  45  4:02  Supply Depot  
  45  4:07  Combat Shields  
  45  4:09  Marine x2  
  47  4:20  Marine  
  48  4:47  Medivac x2  
  48  4:49  Barracks Reactor  
  48  4:52  Hellion, Marine  
  56  4:53  Hellion  
  56  4:58  Supply Depot  
  57  5:11  Command Center  
Show
View Real Time Build Order
Export as new Build Order

MinOw Zerg - Winner!

Build Orders: Hatch First 

Get SALT Encoding   

  12  0:08  Overlord  
  12  0:14  Drone  
  13  0:18  Drone  
  15  0:28  Drone  
  15  0:48  Hatchery  
  14  0:51  Drone  
  15  0:57  Drone  
  15  0:58  Extractor  
  15  1:14  Spawning Pool  
  14  1:18  Drone  
  15  1:30  Overlord  
  15  1:32  Drone  
  16  1:34  Drone  
  16  1:42  Drone  
  17  1:52  Drone  
  18  2:00  Drone  
  18  2:01  Queen  
  21  2:09  Metabolic Boost  
  21  2:18  Queen  
  21  2:22  Drone  
  24  2:30  Drone x2  
  26  2:46  Roach Warren  
  26  2:47  Drone  
  26  2:54  Drone x2  
  28  3:01  Overlord  
  28  3:05  Overlord  
  28  3:13  Drone  
  28  3:14  Drone x2  
  28  3:16  Drone  
  28  3:17  Drone  
  33  3:28  Roach x3  
  33  3:32  Roach  
  41  3:38  Drone  
  42  3:46  Roach  
  42  3:47  Roach x3  
  50  3:52  Overlord  
  50  3:55  Overlord  
  50  4:00  Lair  
  50  4:07  Overlord  
  50  4:18  Drone x2, Extractor  
  50  4:19  Drone  
  50  4:20  Drone x3  
  55  4:25  Ravager  
  55  4:30  Drone x3  
  59  4:31  Overlord x2  
  59  4:41  Roach  
  59  4:42  Roach  
  63  4:50  Zergling x12  
  69  4:56  Extractor  
  68  5:04  Spine Crawler  
  68  5:05  Spine Crawler  
  66  5:08  Ravager  
Tags
 
Add a new tag
Caveats
  • Supply blocks, unpowered buildings, or Contaminate may cause inaccurate times.
  • Supply counts are checked every 10 seconds.